 Dungeon Crawl Stone Soup version 0.20-a0-492-g6327889 (webtiles) character file.

12574 MirrMurr the Basher (level 11, -4/77 HPs)
             Began as an Octopode Berserker on Jan 16, 2017.
             Was a High Priest of Trog.
             Slain by a white ugly thing (32 damage)
             ... in an ice cave.
             The game lasted 00:26:17 (10039 turns).

MirrMurr the Basher (Octopode Berserker)           Turns: 10039, Time: 00:26:17

Health: -4/77      AC:  1    Str: 19    XL:     11   Next: 95%
Magic:  20/20      EV: 16    Int: 13    God:    Trog [*****.]
Gold:   594        SH:  0    Dex: 12    Spells: 10/10 levels left

rFire    + . .     SeeInvis .   a - +2 morningstar (venom)
rCold    . . .     Gourm    .   (no shield)
rNeg     . . .     Faith    +   (helmet restricted)
rPois    +         Spirit   .   G - amulet of faith
rElec    .         Reflect  .   C - +3 ring of intelligence
rCorr    .         Harm     .   y - ring of poison resistance
MR       .....                  l - ring of protection from fire
Stlth    +++++.....             s - ring of magical power
Regen    0.2/turn               F - +3 ring of slaying
                                (no ring)
                                (no ring)
                                (no ring)

@: no status effects
A: almost no armour, stealthy swim, amphibious, 8 rings, constrict 8, camouflage
1, gelatinous body 1
a: Berserk, Trog's Hand, Brothers in Arms, Burn Spellbooks, Renounce Religion


You were in an ice cave.
You worshipped Trog.
Trog was extremely pleased with you.
You were not hungry.

You visited 3 branches of the dungeon, and saw 12 of its levels.
You also visited: Ice Cave.

You collected 594 gold pieces.

Inventory:

Hand Weapons
 a - a +2 morningstar of venom (weapon)
 b - a +0 blowgun
Missiles
 d - 47 poisoned needles
 h - 18 tomahawks
 z - 7 tomahawks of returning
 P - 4 javelins (quivered)
 V - 8 needles of confusion
Jewellery
 l - a ring of protection from fire (on tentacle)
 m - an uncursed amulet of rage {unknown}
 s - a ring of magical power (on tentacle)
 y - a ring of poison resistance (right tentacle)
 C - a +3 ring of intelligence (left tentacle)
 F - a +3 ring of slaying (on tentacle)
 G - an amulet of faith (around mantle)
Wands
 t - a wand of flame (30/48)
 u - a wand of disintegration (10/24)
 w - a wand of acid (14/15)
 x - a wand of iceblast (7/15)
 B - a wand of paralysis (11/24)
 U - a wand of paralysis (6/24)
Scrolls
 k - 2 scrolls of fear
 o - 4 scrolls of teleportation
 q - 4 scrolls of magic mapping
 r - 2 scrolls of remove curse
 L - a scroll of enchant armour
 T - a scroll of blinking
Potions
 c - 2 potions of haste
 e - 3 potions of agility
 f - 2 potions of cure mutation
 g - a potion of heal wounds
 j - a potion of brilliance {unknown}
 v - 3 potions of magic
 E - 2 potions of flight
 K - 2 potions of might
 Q - 2 potions of curing
Comestibles
 n - a beef jerky
 p - 5 bread rations
 A - 6 meat rations
 D - 2 fruits


   Skills:
 + Level 8.1 Fighting
 * Level 13.8 Maces & Flails
 * Level 7.1 Dodging
 + Level 10.8 Stealth


You had 10 spell levels left.
You didn't know any spells.

Dungeon Overview and Level Annotations

Branches:
Dungeon (9/15)             Temple (1/1) D:4            Lair (2/6) D:9
    Orc (0/2) D:9
  Swamp: Lair:2-4    Shoals: Lair:2-4     Snake: Lair:2-4    Spider: Lair:2-4

Altars:
Ashenzari
Cheibriados
Elyvilon
Fedhas
Gozag
Kikubaaqudgha
Okawaru
Sif Muna
Trog
Uskayaw

Annotations:
IceCv exclusion: 2 ice statues


Innate Abilities, Weirdness & Mutations

You cannot wear most types of armour.
You are very stealthy in the water. (Stealth+)
You are amphibious.
You can wear up to eight rings at the same time.
You can use your tentacles to constrict eight enemies at once.
Your skin changes colour to match your surroundings (Stealth+).
Your rubbery body absorbs attacks. (AC +1, EV +1)


Message History

Unknown command.
The white ugly thing gores you! The white ugly thing freezes you!!
You are too injured to fight recklessly!
You are too injured to fight recklessly!
You hit the white ugly thing.
The white ugly thing is poisoned.
You grab the white ugly thing.
The white ugly thing is lightly wounded.
You constrict the white ugly thing.
Okay, then.
You puncture the white ugly thing!
The white ugly thing looks as sick as possible!
You squeeze the white ugly thing!
The white ugly thing is heavily wounded.
You constrict the white ugly thing. The white ugly thing misses you.
You bludgeon the white ugly thing!!
The white ugly thing looks as sick as possible!
The white ugly thing is almost dead.
You constrict the white ugly thing. The white ugly thing gores you.
The white ugly thing freezes you!!
You die...

############# #######
##....8#(.)..## ##.....#
#......#......###......#
.......#.......#.......#
.......#.......#.......#
.........u@.......∩..∩.#
.......#.......#.......#
.......#.......#.......#
#......#......###......#
##....8#.....## ##.....#
############# #######


You could see a white ugly thing.

Vanquished Creatures
  The ghost of iroha the Nimble, a journeyman HuWn of Gozag (Lair:1)
  A two-headed ogre (D:8)
  The ghost of MirrMurr the Basher, a novice OpBe of Trog (D:6)
  Pikel (D:5)
  The ghost of Promi the Slasher, a novice HuFi of Ashenzari (D:7)
  A cyclops (D:9)
  A black mamba (Lair:1)
  A spiny frog (Lair:1)
  5 komodo dragons (Lair:1)
  A troll (D:9)
  2 hippogriffs
  A blink frog (Lair:1)
  A wyvern (D:8)
  11 yaks (Lair:1)
  A steam dragon (D:7)
  Menkaure (D:5)
  A soldier ant (D:9)
  6 water moccasins
  A porcupine (Lair:1)
  2 phantoms
  2 sky beasts
  2 orc warriors
  8 ice beasts
  2 black bears
  3 ogres
  The ghost of Banto the Charmwright, an amateur HuSk of Okawaru (D:3)
  2 centaurs
  A necrophage (D:8)
  A crocodile (Lair:1)
  A big kobold (D:8)
  4 bullfrogs
  6 scorpions
  3 killer bees (D:9)
  2 vampire bats (D:7)
  An electric eel (Lair:1)
  4 howler monkeys
  3 jellies
  4 hounds
  Crazy Yiuf (D:3)
  3 orc priests
  2 iguanas
  Ijyb (D:2)
  6 orc wizards
  3 worker ants
  12 adders
  8 gnolls
  2 shadow imps (D:8)
  12 white imps
  An ooze (D:3)
  3 adder skeletons
  4 worms
  A dart slug (D:3)
  4 leopard geckos
  26 orcs
  5 bats
  3 bat skeletons (D:7)
  A bat zombie (D:7)
  7 giant cockroaches
  3 goblins
  6 hobgoblins
  4 jackals
  5 quokkas
  A ball python (D:3)
  5 frilled lizards
  4 kobolds
  A quokka zombie (D:8)
  5 rats
230 creatures vanquished.

Vanquished Creatures (others)
  A wizard (D:6)
  A fungus (D:9)
2 creatures vanquished.

Grand Total: 232 creatures vanquished

Notes
Turn   | Place    | Note
-------+----------+-------------------------------------------
     0 | D:1      | MirrMurr the Octopode Berserker began the quest for the Orb.
     0 | D:1      | Reached XP level 1. HP: 16/16 MP: 1/1
   159 | D:1      | Reached XP level 2. HP: 21/21 MP: 2/2
   832 | D:2      | Noticed Ijyb
   839 | D:2      | Killed Ijyb
   839 | D:2      | Reached skill level 1 in Stealth
   839 | D:2      | Reached XP level 3. HP: 21/26 MP: 3/3
   929 | D:2      | Reached XP level 4. HP: 24/31 MP: 4/4
  1304 | D:2      | Reached skill level 4 in Maces & Flails
  1435 | D:2      | Reached ** piety under Trog
  1488 | D:3      | Noticed Banto's ghost (amateur HuSk)
  1511 | D:3      | Killed Banto's ghost
  1511 | D:3      | Reached XP level 5. HP: 37/37 MP: 5/5
  1783 | D:3      | Reached skill level 5 in Maces & Flails
  2059 | D:3      | Reached XP level 6. HP: 43/43 MP: 6/6
  2179 | D:3      | Found a hide-covered altar of Uskayaw.
  2286 | D:3      | Found a runed door.
  2399 | D:3      | Noticed Crazy Yiuf
  2404 | D:3      | Killed Crazy Yiuf
  2538 | D:4      | Found a staircase to the Ecumenical Temple.
  2548 | Temple   | Entered the Ecumenical Temple
  2728 | D:4      | Found a snail-covered altar of Cheibriados.
  2729 | D:4      | Found a bloodstained altar of Trog.
  2836 | D:4      | Found a shattered altar of Ashenzari.
  2836 | D:4      | Found an opulent altar of Gozag.
  2837 | D:4      | Found an iron altar of Okawaru.
  3062 | D:4      | Noticed a phantom
  3081 | D:4      | Killed a phantom
  3081 | D:4      | Reached skill level 6 in Maces & Flails
  3081 | D:4      | Reached XP level 7. HP: 34/48 MP: 7/7
  3174 | D:5      | Entered Level 5 of the Dungeon
  3290 | D:5      | Noticed Pikel
  3315 | D:5      | Killed Pikel
  3315 | D:5      | Reached skill level 7 in Maces & Flails
  3315 | D:5      | Reached XP level 8. HP: 54/54 MP: 8/8
  3380 | D:5      | Noticed Menkaure
  3396 | D:5      | Killed Menkaure
  3396 | D:5      | Reached skill level 5 in Stealth
  3483 | D:5      | Reached skill level 8 in Maces & Flails
  3788 | D:6      | Found a white marble altar of Elyvilon.
  3812 | D:6      | Found a bloodstained altar of Trog.
  3815 | D:6      | Noticed a wizard
  3820 | D:6      | Killed a wizard
  3891 | D:6      | Noticed MirrMurr's ghost (novice OpBe)
  4099 | D:5      | Reached *** piety under Trog
  4139 | D:6      | Reached skill level 5 in Fighting
  4182 | D:6      | Killed MirrMurr's ghost
  4182 | D:6      | Reached skill level 9 in Maces & Flails
  4182 | D:6      | Reached XP level 9. HP: 20/61 MP: 9/9
  4524 | D:6      | Reached skill level 5 in Dodging
  4659 | D:7      | Reached skill level 10 in Maces & Flails
  4908 | D:7      | Found an ancient bone altar of Kikubaaqudgha.
  4989 | D:7      | Noticed Promi's ghost (novice HuFi)
  5000 | D:7      | Killed Promi's ghost
  5000 | D:7      | Reached XP level 10. HP: 68/68 MP: 10/10
  5712 | D:8      | Reached **** piety under Trog
  5714 | D:8      | Reached skill level 11 in Maces & Flails
  6102 | D:8      | Noticed a two-headed ogre
  6111 | D:8      | Killed a two-headed ogre
  6662 | D:9      | Noticed a cyclops
  6674 | D:9      | Killed a cyclops
  6681 | D:9      | Reached skill level 12 in Maces & Flails
  6690 | D:9      | Reached skill level 10 in Stealth
  6878 | D:9      | Found a staircase to the Orcish Mines.
  6885 | D:9      | Found a blossoming altar of Fedhas.
  6893 | D:9      | Reached XP level 11. HP: 19/75 MP: 11/11
  7179 | D:9      | Found a staircase to the Lair.
  7262 | D:9      | Found a deep blue altar of Sif Muna.
  7547 | Lair:1   | Entered Level 1 of the Lair of Beasts
  8163 | Lair:1   | Reached ***** piety under Trog
  8181 | Lair:1   | Reached skill level 13 in Maces & Flails
  8729 | Lair:1   | Noticed iroha's ghost (journeyman HuWn)
  9591 | Lair:1   | Killed iroha's ghost
  9722 | Lair:2   | Found a frozen archway.
  9877 | IceCv    | Entered an ice cave
 10014 | IceCv    | Noticed a white ugly thing
 10039 | IceCv    | Slain by a white ugly thing

Vault maps used:
D:1:      onia_arrival_mini_spirals
D:2:      first_bread, uniq_iyjb
D:3:      marbit_many_paths, uniq_crazy_yiuf_cottage
D:4:      gammafunk_temple_overflow_claw, gammafunk_temple_overflow_statue
D:5:      uniq_pikel, uniq_menkaure
D:6:      elyvilon_altar_4, small_statue_intersection, trog_wizard
D:7:      kennysheep_vampire_church
D:9:      fedhas_altar_3, lair_entry_dummy, led_sif_pool
Temple:   minmay_temple_bridge_abc
Lair:1:   nicolae_quartered_pool_medium, hangedman_lair_generics_rect
Lair:2:   guppyfry_snake_entry_garden, portal_ice_cave_entry_imps
IceCv:    ice_cave_statue_garden_chambered

Skill      XL: |  1  2  3  4  5  6  7  8  9 10 11 |
---------------+----------------------------------+-----
Stealth        | 1 2 3 4 7 8 10 | 10.8
Maces & Flails | 4 5 6 7 9 10 12 13 | 13.8
Fighting       | 4 5 6 7 8 |  8.1
Dodging        | 4 5 6 7 |  7.1

Action                   |  1- 3 |  4- 6 |  7- 9 | 10-12 || total
-------------------------+-------+-------+-------+-------++-------
Melee: Mace              |    45 |   102 |   176 |    81 ||   404
       Constrict         |    13 |    22 |    35 |    40 ||   110
       Tentacles         |     5 |    17 |    47 |    64 ||   133
       Morningstar       |       |       |       |   202 ||   202
Throw: Javelin           |       |       |       |     1 ||     1
Invok: Berserk           |       |     3 |     2 |     7 ||    12
       Trog's Hand       |       |     2 |     2 |     5 ||     9
       Burn Spellbooks   |       |       |       |     1 ||     1
  Use: Scroll            |     2 |     2 |     5 |    10 ||    19
       Potion            |       |       |     6 |     2 ||     8
 Stab: Sleeping          |     5 |     6 |    12 |    14 ||    37
       Distracted        |       |       |     2 |     2 ||     4
  Eat: Chunk             |       |    10 |     8 |    18 ||    36
       Pizza             |       |       |       |     2 ||     2
       Bread ration      |       |       |       |     1 ||     1
       Beef jerky        |       |       |       |     1 ||     1
Armor: Skin              |     8 |    11 |    34 |    13 ||    66
Dodge: Dodged            |    33 |    57 |   117 |   155 ||   362
